 Dungeon Crawl Stone Soup version 0.30-a0-219-gf2db51d15e (webtiles) character file.

Game seed: 10106298590820273574

119 RascalDebosk the Conjurer (level 4, -4/24 HPs)
             Began as a Deep Elf Conjurer on Oct 6, 2022.
             Slain by a gnoll bouda
             ... wielding a +0 whip
              (6 damage)
             ... on level 4 of the Dungeon.
             The game lasted 00:13:02 (1625 turns).

RascalDebosk the Conjurer (Deep Elf Conjurer)       Turns: 1625, Time: 00:13:03

Health: -4/24      AC:  5    Str:  4    XL:     4   Next: 73%
Magic:  12/21      EV: 12    Int: 25    God:
Gold:   128        SH:  0    Dex: 13    Spells: 4/11 levels left

rFire   . . .      SeeInvis .    s - +1 dagger (speed)
rCold   . . .      Faith    +    (no shield)
rNeg    . . .      Spirit   .    a - +0 robe
rPois   +          Reflect  .    k - +0 helmet
rElec   .          Harm     .    u - +0 cloak
rCorr   .          Rampage  .    d - +0 pair of gloves
Will    .....                    (no boots)
Stlth   ++........               i - amulet of faith
HPRegen 0.24/turn                h - ring of poison resistance
MPRegen 0.17/turn                m - ring of magical power

@: no status effects
A: no striking features
a: no special abilities


You were on level 4 of the Dungeon.
You visited 1 branch of the dungeon, and saw 3 of its levels.

You collected 128 gold pieces.

Inventory:

Hand Weapons
 s - a +1 dagger of speed (weapon)
Armour
 a - a +0 robe (worn)
 d - a +0 pair of gloves (worn)
 k - a +0 helmet (worn)
 u - a +0 cloak (worn)
Magical Staves
 v - a staff of death
Jewellery
 h - a ring of poison resistance (left hand)
 i - an amulet of faith (around neck)
 m - a ring of magical power (right hand)
 w - a ring of resist corrosion
Scrolls
 e - a scroll of noise {unknown}
 f - a scroll of blinking {unknown}
 g - 2 scrolls of teleportation {unknown}
 o - a scroll of torment {unknown}
 p - a scroll of identify {unknown}
 r - a scroll of vulnerability {unknown}
Potions
 b - 2 potions of magic
 c - a potion of heal wounds {unknown}
 j - a potion of resistance {unknown}
 l - 2 potions of haste {unknown}
 n - a potion of ambrosia {unknown}
 q - a potion of mutation {unknown}
 t - a potion of might {unknown}
 x - a potion of curing {unknown}


   Skills:
 - Level 2.4 Dodging
 + Level 3.6 Stealth
 + Level 4.0 Spellcasting
 + Level 4.9 Conjurations
 + Level 2.3 Hexes
 + Level 1.9 Translocations


You had 4 spell levels left.
You knew the following spells:

 Your Spells              Type           Power      Damage    Failure   Level
a - Magic Dart            Conj           100%       1d8       1%          1
b - Searing Ray           Conj           58%        2d6       1%          2
c - Fulminant Prism       Conj/Hex       11%        3d9       21%         4

Your spell library contained the following spells:

 Spells                   Type           Power      Damage    Failure   Level
 Dazzling Flash           Conj/Hex       46%        N/A       6%          3
 Iskenderun's Mystic Bla  Conj/Tloc      22%        2d6       22%         4


Dungeon Overview and Level Annotations

Branches:
Dungeon (2/15)

Altars:


Message History

The magic dart hits the gnoll.
The gnoll is heavily wounded.
Aiming: Magic Dart (safe; 1% risk of failure)
Press: ? - help, Q - select action, (/) - cycle Shift-Dir - straight line, f/p - gnoll
Aim: a gnoll, wielding a +0 whip (heavily wounded, 100% to hit)
The magic dart hits the gnoll.
The gnoll is severely wounded.
The gnoll hits you with a +0 whip.
Aiming: Magic Dart (safe; 1% risk of failure)
Press: ? - help, Q - select action, (/) - cycle Shift-Dir - straight line, f/p - gnoll
Aim: a gnoll, wielding a +0 whip (severely wounded, 100% to hit)
The magic dart hits the gnoll.
The gnoll is severely wounded.
The gnoll hits you with a +0 whip.
Aiming: Magic Dart (safe; 1% risk of failure)
Press: ? - help, Q - select action, (/) - cycle Shift-Dir - straight line, f/p - gnoll
Aim: a gnoll, wielding a +0 whip (severely wounded, 100% to hit)
The magic dart hits the gnoll.
You kill the gnoll!
Aiming: Magic Dart (safe; 1% risk of failure)
Press: ? - help, Q - select action, (/) - cycle Shift-Dir - straight line, f - you That beam is likely to hit you.
Continue anyway?
Okay, then.
An orc comes into view. It is wielding a +0 hand axe.
The orc shouts! 2 gnolls come into view.
An orc comes into view.
It is wielding a +0 short sword of venom.
The gnoll moves out of view.
A ball python comes into view.
The orc shouts!
You hear a shout!
An orc wizard comes into view. It is wielding a +0 dagger.
Aiming: Magic Dart (safe; 1% risk of failure)
Press: ? - help, Q - select action, (/) - cycle Shift-Dir - straight line
Okay, then.
Casting: Magic Dart (safe; 1% risk of failure)
Confirm with . or Enter, or press ? or * to list all spells.
Aiming: Searing Ray (safe; 1% risk of failure)
Press: ? - help, Shift-Dir - straight line The searing ray hits the orc!
You kill the orc! (Press . to maintain the ray.)
The orc wizard shouts!
The ball python hisses angrily.
The gnoll shouts!
You hear a shout! x3
An orc comes into view. It is wielding a +0 short sword.
An orc comes into view. It is wielding a +0 hand axe.
Your Spellcasting skill increases to level 4!
The searing ray hits the orc!
The orc is almost dead.
The orc shouts!
A gnoll bouda comes into view. It is wielding a +0 whip.
The searing ray hits the orc!
You kill the orc!
A kobold comes into view. It is wielding a +0 short sword.
The gnoll bouda barks out a call to the hunt!
The gnoll picks up the pace!
The searing ray hits the ball python!
You kill the ball python!
You finish channelling your searing ray.
A gnoll comes into view. It is wielding a +0 flail.
A gnoll comes into view. It is wielding a +0 spear.
The gnoll misses you. The gnoll hits you with a +0 flail.
The gnoll barely misses you. The gnoll attacks as you move away!
The gnoll misses you. The gnoll closely misses you.
The gnoll attacks as you move away! The gnoll hits you with a +0 flail!
The orc wizard casts a spell.
The orc wizard flickers and vanishes!
Deactivating autopickup; reactivate with Ctrl-A.
The gnoll attacks as you move away! The gnoll hits you with a +0 flail.
* * * LOW HITPOINT WARNING * * *
The gnoll barely misses you.
Press: ? - help, v - describe, . - travel The floor.
Casting: Searing Ray (safe; 1% risk of failure)
Confirm with . or Enter, or press ? or * to list all spells.
Aiming: Searing Ray (safe; 1% risk of failure)
Press: ? - help, Shift-Dir - straight line The searing ray hits the gnoll.
The gnoll is lightly wounded. (Press . to maintain the ray.)
The gnoll closely misses you.
The searing ray hits the gnoll.
The gnoll is moderately wounded.
The searing ray hits something.
The gnoll hits you with a +0 flail!
* * * LOW HITPOINT WARNING * * *
The searing ray hits the gnoll.
The gnoll is almost dead.
The searing ray hits the orc!
You kill the orc!
The gnoll hits you with a +0 flail.
* * * LOW HITPOINT WARNING * * *
The searing ray hits the gnoll.
You kill the gnoll!
The searing ray hits something.
You finish channelling your searing ray.
The kobold throws a stone.
The stone hits you.
* * * LOW HITPOINT WARNING * * *
The gnoll bouda hits you with a +0 whip.
You die...

... ########### ..g
#.........# #g#
#.#######.#######.#
#.###.###.@).).##.# ##
#.##.#.##.g###K##.#######
.#
#.#.#.......##.#g........
.#
#..............o.o.))†...
#.......##...######.#####
# #.###.#.##...# # ># #.#
#.#.##...# .# #.#
..#.###..# #### #.##.##.#
#..#


You could see a gnoll bouda and a kobold.

Vanquished Creatures
  Jessica (D:2)
  An adder (D:4)
  3 gnolls (D:4)
  A worm (D:2)
  A dart slug (D:1)
  3 orcs (D:4)
  5 ball pythons
  3 bats
  2 endoplasms
  5 goblins
  3 hobgoblins (D:1)
  12 jackals
  4 kobolds
  2 quokkas (D:1)
  A frilled lizard (D:1)
  5 rats
52 creatures vanquished.

Notes
Turn   | Place    | Note
-------+----------+-------------------------------------------
     0 | D:1      | RascalDebosk the Deep Elf Conjurer began the quest for the
                  | Orb.
     0 | D:1      | Reached XP level 1. HP: 10/10 MP: 6/6
    43 | D:1      | Found a faded altar of an unknown god.
   177 | D:1      | Reached XP level 2. HP: 15/15 MP: 5/8
   200 | D:1      | Reached skill level 1 in Hexes
   337 | D:1      | Learned a level 2 spell: Searing Ray
   544 | D:1      | Reached skill level 1 in Translocations
   763 | D:1      | Reached XP level 3. HP: 19/19 MP: 9/9
  1198 | D:2      | Noticed Jessica
  1202 | D:2      | Killed Jessica
  1203 | D:2      | Reached XP level 4. HP: 24/24 MP: 11/11
  1374 | D:2      | Learned a level 4 spell: Fulminant Prism
  1398 | D:2      | You fall into a shaft and drop 2 floors!
  1625 | D:4      | Slain by a gnoll bouda

Illustrated notes

Levels and vault maps discovered:
D:1:      amcnicky_arrival_choice, layout_loops_ring,
          ebering_ecumenical_altar_webs
D:2:      layout_basic, wad_orctagon, uniq_crazy_yiuf_cottage, uniq_jessica
D:4:      layout_loops_corners, nicolae_ashenzari_skybound, minitemple,
          nicolae_elemental_shop, minmay_pentangle

Skill      XL: |  1  2  3  4 |
---------------+-------------+-----
Hexes          | 1 2 |  2.3
Translocations | 1 |  1.9
Stealth        | 3 |  3.6
Spellcasting   | 4 |  4.0
Dodging        | |  2.4
Conjurations   | |  4.9

Action                   |  1- 3 |  4- 6 || total
-------------------------+-------+-------++-------
Melee: Dagger            |    17 |       ||    17
 Cast: Magic Dart        |    64 |    36 ||   100
       Searing Ray       |       |     2 ||     2
Armor: Robe              |     4 |       ||     4
Dodge: Dodged            |    13 |    11 ||    24

Table legend: (Time is in decaauts)
 A = Elapsed time spent in this place.
 B = Non-inter-level travel time spent in this place.
 C = Inter-level travel time spent in this place.
 D = Time resting spent in this place.
 E = Time spent auto-exploring this place.
 F = Levels seen in this place.
 G = Mean time per level.
                   A        B        C        D        E       F      G
               +--------+--------+--------+--------+--------+-----+--------+
         Total |   1617 |   1580 |     37 |     59 |   1131 |   3 |  539.0 |
       Dungeon |   1617 |   1580 |     37 |     59 |   1131 |   3 |  539.0 |
               +--------+--------+--------+--------+--------+-----+--------+

Top non-repeatable levels by time:
     D:1: 1022 daAuts
     D:2: 367 daAuts
     D:4: 226 daAuts
